 Dungeon Crawl Stone Soup version 0.28-a0-1493-g08698888e4 (webtiles) character file.

Game seed: 1914640589378242658

247 kae the Changer (level 5, 0/48 HPs)
             Began as a Draconian Transmuter on Jan 12, 2022.
             Was an Initiate of Ru.
             Slain by a killer bee (3 damage)
             ... on level 4 of the Dungeon.
             The game lasted 00:02:50 (4318 turns).

kae the Changer (Draconian Transmuter)              Turns: 4318, Time: 00:02:50

Health: 0/48       AC:  6    Str: 12    XL:     5   Next: 85%
Magic:  6/9        EV: 10    Int: 16    God:    Ru [......]
Gold:   241        SH:  0    Dex: 11    Spells: 2/10 levels left

rFire   x . .      SeeInvis .     - Unarmed
rCold   + + +      Faith    .   (shield currently unavailable)
rNeg    . . .      Spirit   .   (armour unavailable)
rPois   +          Reflect  .   (helmet currently unavailable)
rElec   .          Harm     .   (cloak currently unavailable)
rCorr   .          Rampage  .   (gloves currently unavailable)
Will    .....                   (boots currently unavailable)
Stlth   +.........              (no amulet)
HPRegen 0.16/turn               e - ring of protection from cold
MPRegen 0.11/turn               (no ring)

@: about to teleport, ice-form
A: freezing attack, amphibious, boosted hp, AC +5, large, unfitting armour,
(cold-blooded)
a: End Transformation, Renounce Religion


You were on level 4 of the Dungeon.
You worshipped Ru.
Ru was noncommittal.
You were a creature of crystalline ice.
You visited 2 branches of the dungeon, and saw 5 of its levels.

You collected 241 gold pieces.

Inventory:

Missiles
 k - a throwing net
Armour
 m - a +1 pair of gloves (melded)
Jewellery
 e - a ring of protection from cold (left front paw)
Scrolls
 d - a scroll of enchant armour
Potions
 a - a potion of curing {unknown}
 b - a potion of berserk rage {unknown}
 c - a potion of invisibility {unknown}
 f - 2 potions of degeneration {unknown}
 g - a potion of heal wounds {unknown}
 h - a potion of mutation {unknown}
 j - a potion of lignification {unknown}


   Skills:
 - Level 1.1 Fighting
 - Level 1.7 Dodging
 - Level 3.0 Unarmed Combat
 + Level 3.1 Spellcasting
 * Level 4.6 Transmutations
 * Level 2.4 Ice Magic
 - Level 1.0 Poison Magic


You had 2 spell levels left.
You knew the following spells:

 Your Spells              Type           Power      Damage    Failure   Level
a - Beastly Appendage     Tmut           34%        N/A       2%          1
b - Spider Form           Tmut/Pois      11%        N/A       17%         3
c - Ice Form              Ice/Tmut       13%        N/A       41%         4

Your spell library contained the following spells:

 Spells                   Type           Power      Damage    Failure   Level
 Wereblood                Tmut           17%        N/A       4%          2
 Passwall                 Tmut/Erth      7%         N/A       11%         2
 Sandblast                Erth           4%         2d4       19%         1
 Stone Arrow              Conj/Erth      4%         3d7       50%         3


Dungeon Overview and Level Annotations

Branches:
Dungeon (4/15)             Temple (1/1) D:4

Altars:
Cheibriados
Dithmenos
Elyvilon
Fedhas
Gozag
Hepliaklqana
Kikubaaqudgha
Makhleb
Nemelex Xobeh
Okawaru
Qazlal
Ru
Sif Muna
Trog
Uskayaw
Vehumet
Wu Jian
Xom
Yredelemnul
Zin
The Shining One

Shops:
D:1 :

Annotations:
D:4 Eustachio


Innate Abilities, Weirdness & Mutations

You are a creature of crystalline ice.
You have a powerful freezing melee attack.
You are amphibious.
Your maximum health is increased.
Your armour is entirely melded.
You are incapable of wielding weapons or throwing items.
((Your plain brown scales are hard. (AC +5)))
You cannot fit into any form of body armour.
((You are cold-blooded and may be slowed by cold attacks.))


Message History

The killer bee stings you.
You closely miss the killer bee. The killer bee stings you.
The killer bee stings you but does no damage.
You punch the killer bee! You freeze the killer bee.
The killer bee is heavily wounded.
The killer bee stings you. The killer bee barely misses you.
You barely miss the killer bee.
The killer bee is heavily wounded.
The killer bee misses you.
A killer bee comes into view.
The killer bee barely misses you.
You barely miss the killer bee.
The killer bee is heavily wounded.
The killer bee buzzes angrily.
The killer bee stings you but does no damage.
You hear an angry hiss.
You barely miss the killer bee.
The killer bee is heavily wounded.
The killer bee barely misses you. The killer bee stings you.
You hit the killer bee but do no damage.
The killer bee is heavily wounded.
The killer bee stings you. x2
You barely miss the killer bee.
The killer bee is heavily wounded.
The killer bee stings you.
* * * LOW HITPOINT WARNING * * *
The killer bee closely misses you.
An adder comes into view.
You barely miss the killer bee.
The killer bee is heavily wounded.
The killer bee stings you!
* * * LOW HITPOINT WARNING * * *
The killer bee closely misses you.
As you read the scroll of teleportation, it crumbles to dust.
You feel strangely unstable. The killer bee barely misses you.
The killer bee stings you.
* * * LOW HITPOINT WARNING * * *
Okay, then.
The killer bee stings you.
You die...

#### #.. ##### #.# #...#
######y######@
#####.#.###(.Yy†r.S.....
#>....#......###.####...
#.....#.....## #.#
#..#######..# #.#
#.....#[...## #..
#.###.#.#### ### #.# #
#.# #.#


You could see 2 killer bees, an adder and a quokka.

Vanquished Creatures
  A scorpion (D:4)
  A killer bee (D:4)
  An orc wizard (Temple)
  A hound skeleton (D:4)
  3 adders
  An adder skeleton (D:4)
  2 dart slugs
  5 orcs (D:4)
  4 ball pythons
  5 endoplasms
  2 giant cockroaches
  6 goblins
  9 hobgoblins
  9 jackals
  3 quokkas
  3 bats
  2 frilled lizards
  8 kobolds
  6 rats
72 creatures vanquished.

Notes
Turn   | Place    | Note
-------+----------+-------------------------------------------
     0 | D:1      | kae the Draconian Transmuter began the quest for the Orb.
     0 | D:1      | Reached XP level 1. HP: 16/16 MP: 3/3
   278 | D:1      | Reached XP level 2. HP: 12/23 MP: 3/5
   706 | D:1      | Reached skill level 3 in Transmutations
   896 | D:1      | Reached XP level 3. HP: 27/28 MP: 4/6
  1057 | D:1      | Learned a level 3 spell: Spider Form
  1066 | D:1      | Found a faded altar of an unknown god.
  1690 | D:2      | Reached skill level 1 in Poison Magic
  2000 | D:2      | Reached XP level 4. HP: 35/35 MP: 5/8
  2179 | D:2      | Learned a level 4 spell: Ice Form
  2981 | D:4      | Found a staircase to the Ecumenical Temple.
  3000 | Temple   | Entered the Ecumenical Temple
  3437 | Temple   | Became a worshipper of Ru the Awakened
  3489 | Temple   | Reached skill level 4 in Transmutations
  3489 | Temple   | Reached skill level 1 in Ice Magic
  3836 | D:4      | Reached XP level 5. HP: 32/40 MP: 9/9
  4300 | D:4      | Noticed Eustachio
  4318 | D:4      | Slain by a killer bee

Illustrated notes

Levels and vault maps discovered:
D:1:      dpeg_arrival_connections, layout_basic, serial_shops, shop,
          dreamdust_ecumenical_altar_statues
D:2:      layout_rooms, chequers_serial_rivers_micro_e
D:3:      layout_loops_ring
D:4:      layout_loops_ring, minmay_temple_entry_ruins,
          kennysheep_generic_room_6, uniq_eustachio
Temple:   mainiacjoe_temple_trianglar_array

Skill      XL: |  1  2  3  4  5 |
---------------+----------------+-----
Transmutations | 3 4 |  4.6
Poison Magic   | 1 |  1.0
Ice Magic      | 1 2 |  2.4
Spellcasting   | 3 |  3.1
Fighting       | |  1.1
Dodging        | |  1.7
Unarmed Combat | |  3.0

Action                   |  1- 3 |  4- 6 || total
-------------------------+-------+-------++-------
Melee: Unarmed           |   136 |    88 ||   224
       Tailslap          |    10 |     4 ||    14
       Kick              |    21 |    14 ||    35
       Headbutt          |    11 |    11 ||    22
       Punch             |     2 |     1 ||     3
 Cast: Beastly Appendage |    22 |    15 ||    37
       Spider Form       |       |     3 ||     3
       Ice Form          |       |     1 ||     1
  Use: Potion            |     1 |       ||     1
       Scroll            |     5 |     3 ||     8
 Stab: Sleeping          |       |     1 ||     1
Armor: Skin              |    49 |    20 ||    69
Dodge: Dodged            |    90 |    57 ||   147

Table legend: (Time is in decaauts)
 A = Elapsed time spent in this place.
 B = Non-inter-level travel time spent in this place.
 C = Inter-level travel time spent in this place.
 D = Time resting spent in this place.
 E = Time spent auto-exploring this place.
 F = Levels seen in this place.
 G = Mean time per level.
                   A        B        C        D        E       F      G
               +--------+--------+--------+--------+--------+-----+--------+
         Total |   4307 |   4131 |    176 |    534 |   3038 |   5 |  861.4 |
       Dungeon |   3746 |   3640 |    106 |    460 |   2636 |   4 |  936.5 |
        Temple |    560 |    490 |     70 |     74 |    402 |   1 |  560.0 |
               +--------+--------+--------+--------+--------+-----+--------+

Top non-repeatable levels by time:
     D:1: 1425 daAuts
     D:4: 833 daAuts
     D:2: 773 daAuts
     D:3: 715 daAuts
  Temple: 560 daAuts
